Map: Ruins of Endion

Players

weeaboo

  • Race: Zerg Zerg
  • League: Master

Miszu - Winner!

  • Race: Terran Terran
  • League: Master

VOD

Have the link to the VOD?

Description

Time

  • Played on: June 29, 2016, 3:04 p.m.
  • Length: 6:36
Show
View Real Time Build Order
Export as new Build Order

weeaboo Zerg 

Build Orders: Hatch First 

Get SALT Encoding   

  12  0:00  Drone  
  13  0:13  Overlord  
  13  0:18  Drone  
  14  0:31  Drone x2  
  17  0:35  Drone  
  17  0:52  Hatchery  
  17  0:55  Drone  
  17  0:59  Drone  
  18  1:09  Extractor  
  17  1:13  Spawning Pool  
  17  1:16  Drone  
  17  1:20  Drone  
  18  1:28  Drone  
  19  1:39  Overlord  
  19  1:50  Drone  
  20  2:00  Queen  
  20  2:01  Zergling x2  
  23  2:03  Queen  
  23  2:04  Zergling x2  
  26  2:10  Metabolic Boost  
  26  2:14  Drone  
  27  2:16  Drone  
  28  2:23  Drone  
  28  2:28  Drone  
  30  2:32  Drone  
  30  2:36  Queen  
  33  2:37  Drone  
  34  2:48  Hatchery  
  34  2:52  Hatchery  
  34  2:58  Overlord  
  33  3:02  Drone x3  
  36  3:05  Overlord  
  36  3:12  Drone  
  36  3:13  Overlord  
  36  3:17  Drone  
  37  3:20  Drone x2  
  37  3:23  Drone x2  
  41  3:28  Drone  
  41  3:33  Drone x2  
  44  3:37  Extractor  
  43  3:43  Drone x2  
  43  3:46  Drone x3  
  47  3:54  Drone  
  48  4:02  Drone x4  
  52  4:08  Drone x2  
  54  4:12  Queen  
  54  4:14  Overlord  
  54  4:16  Overlord  
  56  4:22  Overlord  
  56  4:23  Lair  
  56  4:24  Drone  
  56  4:27  Drone  
  56  4:28  Drone x6  
  56  4:30  Pneumatized Carapace  
  63  4:37  Roach Warren  
  63  4:38  Drone x3  
  63  4:42  Drone x2  
  67  4:48  Extractor  
  67  4:49  Extractor  
  67  4:51  Queen  
  67  4:58  Drone x2, Evolution Chamber  
  67  4:59  Drone x3, Evolution Chamber  
  70  5:00  Drone  
  70  5:01  Extractor, Drone  
  70  5:02  Drone  
  70  5:06  Zergling x4  
  74  5:11  Zergling x4  
  74  5:21  Roach x2  
  74  5:25  Roach  
  74  5:28  Roach x2  
  76  5:30  Zergling x6  
  76  5:31  Zergling x2  
  76  5:43  Roach  
  76  5:44  Roach x2  
  78  5:59  Overlord  
  74  6:04  Overlord  
  74  6:05  Drone x2  
  74  6:07  Drone  
  73  6:17  Roach  
Show
View Real Time Build Order
Export as new Build Order

Miszu Terran - Winner!

Build Orders: Reaper Expand 

Get SALT Encoding   

  12  0:00  SCV  
  13  0:13  SCV  
  14  0:18  Supply Depot  
  14  0:25  SCV  
  15  0:39  SCV  
  15  0:40  Barracks  
  16  0:44  Refinery  
  16  0:51  SCV  
  17  1:03  SCV  
  18  1:15  SCV  
  19  1:28  Orbital Command  
  19  1:30  Reaper  
  20  1:42  Command Center  
  20  1:51  Supply Depot  
  20  1:53  SCV  
  21  2:05  SCV  
  21  2:07  Barracks Reactor, Refinery  
  22  2:17  SCV  
  22  2:22  Factory  
  23  2:29  SCV  
  24  2:42  SCV  
  24  2:43  Marine  
  24  2:44  Marine  
  27  2:54  SCV  
  28  3:01  Marine x2  
  28  3:03  Orbital Command  
  30  3:06  SCV  
  30  3:10  Supply Depot  
  30  3:13  Starport, Factory Reactor  
  30  3:18  Marine, SCV  
  30  3:19  Marine  
  33  3:29  SCV  
  33  3:30  SCV  
  35  3:36  Marine  
  35  3:37  Marine  
  37  3:41  SCV  
  37  3:42  SCV  
  38  3:54  SCV  
  38  3:55  Marine x2  
  38  3:59  SCV  
  41  4:03  Medivac x2, Widow Mine  
  41  4:06  SCV  
  41  4:09  Supply Depot  
  47  4:17  Liberator x2  
  47  4:19  Marine, SCV x2  
  49  4:28  Marine  
  49  4:31  SCV x2  
  51  4:37  Marine  
  59  4:43  SCV  
  59  4:45  Command Center  
  60  4:46  Marine  
  60  4:47  Supply Depot, Factory Tech Lab  
  61  4:54  SCV  
  62  5:09  SCV x2  
  64  5:19  Marine x2  
  64  5:21  SCV  
  66  5:31  Siege Tank  
  66  5:34  SCV  
  69  5:36  Engineering Bay, Barracks x2, SCV  
  69  5:37  Engineering Bay  
  69  5:38  Refinery  
  69  5:39  Refinery  
  70  5:56  Marine x2, SCV  
  73  6:02  SCV  
  73  6:03  SCV  
  75  6:08  SCV  
  76  6:14  Marine x2, SCV  
  77  6:20  SCV  
  77  6:24  Barracks Tech Lab x2  
Tags
 
Add a new tag
Caveats
  • Supply blocks, unpowered buildings, or Contaminate may cause inaccurate times.
  • Supply counts are checked every 10 seconds.